 Dungeon Crawl Stone Soup version 0.31-a0-1097-ga03ddba (webtiles) character file.

Game seed: 2125792683110856964

19521 DevouringOne the Black Belt (level 12, 0/102 HPs)
             Began as a Vampire Delver on Nov 29, 2023.
             Was an Initiate of Gozag.
             Slain by a two-headed ogre
             ... wielding a +0 giant club
              (21 damage)
             ... on level 2 of the Orcish Mines.
             The game lasted 00:23:19 (11501 turns).

DevouringOne the Black Belt (Vampire Delver)       Turns: 11501, Time: 00:23:19

Health: 0/102      AC: 11    Str: 21    XL:     12   Next: 37%
Magic:  3/3        EV: 11    Int: 15    God:    Gozag
Gold:   1663       SH:  6    Dex: 19    Spells: 11/11 levels left

rFire   . .          .
                       - Unarmed
rCold   + + +        B - +0 buckler
rNeg    . . .        i - +2 ring mail "Omau" {Dex+2}
rPois   +            (helmet currently unavailable)
rElec   .            (cloak currently unavailable)
rCorr   .            c - melded +0 pair of gloves
SInv    +            (boots currently unavailable)
Will    +....        (no amulet)
Stlth   +++          p - +6 ring of strength
HPRegen 0.57/turn    v - ring "Wusunoshra" {rPois rC+++ MP-9 AC+4 Int+3}
MPRegen 0.08/turn

%: no passive effects
@: beast-form, gold aura, healing quickly
A: beast (slay +0), alive, fangs 3, see invisible, vampiric 2
a: Exsanguinate, Begin Untransformation, Renounce Religion, Potion Petition,
Call Merchant, Bribe Branch


You were on level 2 of the Orcish Mines.
You worshipped Gozag.
Gozag was most pleased with you.
You were a hulking beast.
You visited 3 branches of the dungeon, and saw 15 of its levels.
You also visited: Ossuary.

You collected 2734 gold pieces.
You paid 1071 gold pieces to Gozag.

Inventory:

Hand Weapons
 s - a +0 sling
Missiles
 x - 6 poisoned darts
Armour
 c - a +0 pair of gloves (melded)
 i - the +2 ring mail "Omau" (worn) {Dex+2}
   (You found it on level 4 of the Dungeon)

   Dex+2:     It affects your dexterity (+2).
 B - a +0 buckler (worn)
 C - a +0 helmet
Jewellery
 p - a +6 ring of strength (left hand)
 v - the ring "Wusunoshra" (right hand) {rPois rC+++ MP-9 AC+4 Int+3}
   (You acquired it on level 6 of the Dungeon)

   [ring of protection]

   AC+4:      It affects your AC (+4).
   Int+3:     It affects your intelligence (+3).
   rC+++:     It renders you almost immune to cold.
   rPois:     It protects you from poison MP-9: It affects your magic capacity
   (-9).
 z - a ring of flight
Talismans
 k - a beast talisman (active)
 A - a serpent talisman
Wands
 f - a wand of digging (1)
 u - a wand of polymorph (4)
 E - a wand of iceblast (6)
Scrolls
 a - 4 scrolls of vulnerability
 b - 3 scrolls of fog
 l - 2 scrolls of poison
 o - a scroll of brand weapon
 q - a scroll of revelation
 t - a scroll of blinking
 y - 5 scrolls of teleportation
 F - a scroll of enchant armour
 G - a scroll of enchant weapon
 J - a scroll of amnesia
Potions
 e - 2 potions of haste
 g - a potion of magic
 h - 2 potions of lignification
 j - 2 potions of mutation
 m - 2 potions of resistance
 n - a potion of cancellation
 r - 2 potions of brilliance
 w - 3 potions of curing
 D - 2 potions of enlightenment
 H - 2 potions of ambrosia
 K - a potion of attraction


   Skills:
 + Level 12.1 Fighting
 - Level 2.1 Dodging
 - Level 7.2 Stealth
 - Level 4.0 Shields
 + Level 16.8 Unarmed Combat


You had 11 spell levels left.
You didn't know any spells.
Your spell library contained the following spells:

 Spells                   Type           Power      Damage    Failure   Level
 Freeze                   Ice            0%         1d3       50%         1
 Sting                    Tmut/Pois      0%         1d3       50%         1
 Poisonous Vapours        Pois/Air       0%         N/A       63%         2
 Frozen Ramparts          Ice            0%         1d1       86%         3
 Hailstorm                Conj/Ice       0%         3d3       86%         3
 Ozocubu's Armour         Ice            0%         N/A       86%         3
 Anguish                  Hex/Necr       0%         N/A       99%         4
 Cause Fear               Hex            0%         N/A       99%         4
 Leda's Liquefaction      Hex/Erth       0%         N/A       99%         4
 Olgreb's Toxic Radiance  Pois           0%         N/A       99%         4
 Metabolic Englaciation   Hex/Ice        0%         N/A       100%        5
 Enfeeble                 Hex            0%         N/A       100%        7
 Ozocubu's Refrigeration  Ice            0%         4d7       100%        7
 Chain Lightning          Conj/Air       0%         N/A       100%        9
 Fire Storm               Conj/Fire      0%         5d1       100%        9
 Shatter                  Erth           0%         3d5*      100%        9
 Simulacrum               Ice/Necr       Unusable   N/A       N/A         6

Dungeon Overview and Level Annotations

Branches:
Dungeon (12/15)            Temple (1/1) D:6            Lair (0/5) D:8
    Orc (2/2) D:12        Ossuary (visited)
    Elf: Orc:2

Altars:
Ashenzari
Cheibriados
Dithmenos
Fedhas
Gozag
Hepliaklqana
Makhleb
Nemelex Xobeh
Okawaru
Qazlal
Ru
Sif Muna
Trog
Uskayaw
Wu Jian
Xom
Yredelemnul
Jiyva

Shops:
D:8 =

Annotations:
D:4 1 runed translucent door, Ubbricas's ghost, amateur OgWr
D:6 2 runed translucent doors, Unit's ghost, novice MfFi
D:9 3 runed translucent doors, PurpleRed's ghost, journeyman TrDe
D:11 exclusion: ice statue


Innate Abilities, Weirdness & Mutations

You are a hulking beast.
Your limbs bulge with bestial killing power. (Slay +0)
Your natural rate of healing is accelerated.
You have razor-sharp teeth.
You have supernaturally acute eyesight. (SInv)
You are afflicted with vampirism and can become a bat while bloodless.


Message History

You bite the two-headed ogre, but do no damage.
The two-headed ogre is lightly wounded.
The two-headed ogre hits you with a +0 giant club!!
The two-headed ogre hits you with a +0 giant spiked club!
Throw: dart (curare)
Press: ? - help, Shift-Dir - straight line, f - two-headed ogre
Aim: a two-headed ogre, wielding a +0 giant club and a +0 giant spiked club (lightly wounded, 78% to hit)
You throw a curare-tipped dart.
The curare-tipped dart hits the two-headed ogre.
The two-headed ogre is poisoned.
The two-headed ogre convulses.
The two-headed ogre seems to slow down.
The two-headed ogre is moderately wounded.
The two-headed ogre attacks as it pursues you!
The two-headed ogre hits you with a +0 giant club!
The two-headed ogre closely misses you.
Aiming: Iceblast
Press: ? - help, Shift-Dir - straight line, f/p - two-headed ogre
Aim: a two-headed ogre, wielding a +0 giant club and a +0 giant spiked club (moderately wounded, very poisoned, slow)
The mass of ice explodes!
The iceblast engulfs the two-headed ogre!
The two-headed ogre is severely wounded.
The iceblast engulfs the orc!
You kill the orc!
You hear a shout! x2
Aiming: Iceblast
Press: ? - help, Shift-Dir - straight line, f/p - two-headed ogre
Aim: a two-headed ogre, wielding a +0 giant club and a +0 giant spiked club (severely wounded, very poisoned, slow)
The mass of ice explodes!
The iceblast engulfs the two-headed ogre!
The two-headed ogre is severely wounded.
You hear a shout!
You hit the two-headed ogre.
The two-headed ogre is almost dead.
You hit the two-headed ogre.
The two-headed ogre is almost dead.
The two-headed ogre hits you with a +0 giant club!!
* * * LOW HITPOINT WARNING * * *
The two-headed ogre hits you with a +0 giant spiked club!!
You die...
Your body crumbles into a pile of gold.

#........##
##....#### ##.##.##
#####(######
##$#)#)..## #
##.###o)...## #.
##.###)o....o##..
##O###....oo......
#h####....<.......
#.###.#......o...##
#.# #...........###
## #...........##.
#........##....
##...##........
#.......##....
#.......#.^...
###...##......


You could see a two-headed ogre (poisoned, slow).

Vanquished Creatures
  Fannar (D:12)
  A catoblepas (D:9)
  A boulder beetle (D:12)
  A centaur warrior (D:11)
  5 two-headed ogres
  Pikel (D:9)
  2 cyclopes
  2 gargoyles
  A kobold demonologist (D:12)
  A komodo dragon (D:12)
  An efreet (D:9)
  A tengu conjurer (D:9)
  2 trolls
  Grinder (D:6)
  A hornet (D:9)
  2 shadows (D:12)
  3 wyverns (D:8)
  2 wraiths
  A basilisk (D:8)
  12 yaks
  8 vampire mosquitoes
  A warg (Orc:1)
  5 water moccasins
  2 black bears
  A sky beast (D:7)
  15 orc warriors
  7 centaurs
  9 ogres
  3 lemures (D:9)
  2 phantoms
  2 kobold brigands
  A bullfrog (D:8)
  A gnoll sergeant (D:9)
  3 scorpions (D:6)
  4 wights (D:6)
  17 killer bees
  7 howler monkeys
  2 electric eels (D:12)
  2 lava snakes (D:10)
  4 hounds
  A jelly (D:5)
  11 orc priests
  A sleepcap (D:6)
  An iguana (D:5)
  19 orc wizards
  3 mummies (Ossuary)
  8 adders
  2 ufetubi (D:6)
  3 adder zombies (Ossuary)
  3 dart slugs
  65 orcs
  10 endoplasms
  2 giant cockroaches
  11 goblins
  8 hobgoblins
  8 jackals
  6 quokkas
  4 ball pythons
  2 bats (D:3)
  3 frilled lizards (D:1)
  4 goblin zombies (Ossuary)
  4 hobgoblin zombies (Ossuary)
  7 kobolds
  2 kobold zombies (Ossuary)
  4 quokka zombies (Ossuary)
  6 rats
  A rat zombie (Ossuary)
337 creatures vanquished.

Notes
Turn   | Place    | Note
-------+----------+-------------------------------------------
     0 | D:5      | DevouringOne the Vampire Delver began the quest for the
                  | Orb.
     0 | D:5      | Reached XP level 1. HP: 17/17 MP: 1/1
    91 | D:4      | Identified the +2 ring mail "Omau" {Dex+2}
   308 | D:1      | Reached XP level 2. HP: 21/24 MP: 2/2
   483 | D:1      | Reached skill level 3 in Unarmed Combat
   688 | D:1      | Gained mutation: You are afflicted with vampirism and can
                  | become a bat while bloodless. [Vampire growth]
   688 | D:1      | Reached XP level 3. HP: 29/29 MP: 3/3
  1037 | D:2      | Reached XP level 4. HP: 33/37 MP: 4/4
  1051 | D:2      | Reached skill level 4 in Unarmed Combat
  1146 | D:2      | Found a faded altar of an unknown god.
  1671 | D:3      | Reached XP level 5. HP: 42/42 MP: 5/5
  1951 | D:3      | Identified the +7 whip of Fundamental Breach {heavy, rF-
                  | rN+ Str+2}
  2133 | D:4      | Noticed a black bear
  2168 | D:4      | Found a runed translucent door.
  2170 | D:4      | Noticed Ubbricas's ghost (amateur OgWr)
  2309 | D:5      | Noticed an ogre
  2348 | D:4      | Killed a black bear
  2349 | D:4      | Reached skill level 5 in Unarmed Combat
  2349 | D:4      | Reached XP level 6. HP: 27/49 MP: 6/6
  2975 | D:5      | Reached skill level 5 in Fighting
  2975 | D:5      | Reached skill level 6 in Unarmed Combat
  3082 | D:5      | Reached XP level 7. HP: 47/56 MP: 7/7
  3251 | D:5      | Reached skill level 7 in Unarmed Combat
  3270 | D:5      | Found a sparkling altar of Nemelex Xobeh.
  3638 | D:5      | Noticed Edmund
  3645 | D:5      | Edmund changed into Edmund the jelly
  3645 | D:5      | Noticed Edmund
  3651 | D:5      | Killed Edmund the jelly
  3819 | D:6      | Found a hide-covered altar of Uskayaw.
  3846 | D:6      | Reached skill level 8 in Unarmed Combat
  3854 | D:6      | Reached XP level 8. HP: 27/64 MP: 8/8
  3993 | D:6      | Found a shadowy altar of Dithmenos.
  4060 | D:6      | Found a staircase to the Ecumenical Temple.
  4108 | Temple   | Entered the Ecumenical Temple
  4124 | Temple   | Became a worshipper of Gozag Ym Sagoz the Greedy
  4239 | D:6      | Reached skill level 9 in Unarmed Combat
  4323 | D:6      | Identified a scroll of acquirement
  4325 | D:6      | Acquired the ring "Wusunoshra" {rPois rC+++ MP-9 AC+4
                  | Int+3}
  4387 | D:6      | Found a snail-covered altar of Cheibriados.
  4406 | D:6      | Found a runed translucent door.
  4410 | D:6      | Noticed Unit's ghost (novice MfFi)
  4565 | D:6      | Found a runed translucent door.
  4612 | D:6      | Noticed Grinder
  4811 | D:6      | Paralysed by Grinder for 5 turns
  4820 | D:6      | Paralysed by Grinder for 3 turns
  4823 | D:6      | Killed Grinder
  5021 | D:7      | Reached skill level 10 in Unarmed Combat
  5088 | D:7      | Reached XP level 9. HP: 28/72 MP: 0/9
  5480 | D:7      | Identified the +4 mace of Zemiefun {flame, SInv Stlth+}
  5670 | D:7      | Reached skill level 11 in Unarmed Combat
  6029 | D:8      | Found a sand-covered staircase.
  6034 | Ossuary  | Entered an ossuary
  6616 | D:8      | Reached skill level 12 in Unarmed Combat
  6647 | D:8      | Reached XP level 10. HP: 82/82 MP: 1/10
  6721 | D:8      | Found a staircase to the Lair.
  6757 | D:8      | Reached skill level 13 in Unarmed Combat
  6837 | D:8      | Got the Enchiridion on Oromancy and Glaciation
  7171 | D:9      | Noticed a catoblepas
  7206 | D:9      | Noticed a two-headed ogre
  7243 | D:9      | Killed a two-headed ogre
  7326 | D:9      | Noticed a four-headed hydra
  7339 | D:9      | Noticed a two-headed ogre
  7339 | D:9      | Noticed a catoblepas
  7339 | D:9      | Noticed a centaur warrior
  7339 | D:9      | Noticed a deep elf pyromancer
  7339 | D:9      | Noticed a centaur warrior
  7339 | D:9      | Noticed a cyclops
  7386 | D:9      | Noticed Pikel
  7408 | D:9      | Killed Pikel
  7409 | D:9      | Reached skill level 14 in Unarmed Combat
  7523 | D:9      | Noticed a two-headed ogre
  7549 | D:9      | Killed a two-headed ogre
  7721 | D:9      | Killed a catoblepas
  7725 | D:9      | Reached XP level 11. HP: 50/90 MP: 2/11
  7895 | D:9      | Found a runed translucent gate.
  7895 | D:9      | Found a runed translucent gate.
  7896 | D:9      | Found a runed translucent gate.
  7898 | D:9      | Noticed PurpleRed's ghost (journeyman TrDe)
  7901 | D:9      | Found a viscous altar of Jiyva.
  7914 | D:10     | Entered Level 10 of the Dungeon
  7914 | D:10     | Found a hazy altar of Hepliaklqana.
  8550 | D:10     | Found a stormy altar of Qazlal.
  8611 | D:11     | Reached skill level 10 in Fighting
  8638 | D:11     | Noticed a centaur warrior
  8656 | D:11     | Killed a centaur warrior
  8657 | D:11     | Reached skill level 15 in Unarmed Combat
  9539 | D:12     | Noticed a two-headed ogre
  9589 | D:12     | Killed a two-headed ogre
  9789 | D:12     | Identified the +1 chain mail of Noughts and Crosses {rF+
                  | Str-3 Stlth+}
  9811 | D:12     | Noticed a two-headed ogre
  9827 | D:12     | Killed a two-headed ogre
  9828 | D:12     | Reached skill level 16 in Unarmed Combat
  9832 | D:12     | Noticed a boulder beetle
 10002 | D:12     | Killed a boulder beetle
 10042 | D:12     | Reached XP level 12. HP: 100/100 MP: 3/12
 10208 | D:12     | Noticed Fannar
 10223 | D:12     | Killed Fannar
 10661 | D:12     | Found a staircase to the Orcish Mines.
 10713 | Orc:1    | Entered Level 1 of the Orcish Mines
 11063 | Orc:2    | Entered Level 2 of the Orcish Mines
 11254 | Orc:2    | Noticed a two-headed ogre
 11291 | Orc:2    | Killed a two-headed ogre
 11450 | Orc:2    | Noticed a two-headed ogre
 11501 | Orc:2    | Slain by a two-headed ogre

Illustrated notes

Levels and vault maps discovered:
D:1:      scummos_arrival_forest, layout_rooms
D:2:      minmay_angry_zag, layout_basic, ebering_ecumenical_altar_mist
D:3:      minmay_wonky_spiral, layout_loops_ring
D:4:      layout_basic, ebering_ghost_reflecting_pool, corexii_leaking_fountain,
          st_stairs_10
D:5:      layout_basic, nemelex_altar_shiori, uniq_edmund
D:6:      layout_basic, kennysheep_slug_shrine, nicolae_uskayaw_dance_hall,
          amethyst_overflow_temple_binary, lemuel_doored_altar,
          minmay_temple_entry_fiery, ebering_ghost_sewer_f, grunt_ministairs_11,
          uniq_grinder
D:7:      nicolae_whirlpool, layout_loops_ring, nicolae_elevator_lobby_plus
D:8:      layout_basic, minmay_lair_entry_grove, enter_ossuary_5
D:9:      minmay_the_grid_octo_triangle [minmay_the_grid_octo_teeth,
          minmay_the_grid_octo_prize_big_c, minmay_the_grid_octo_chip],
          layout_loops_cross, overflow_temple_1_default, gammafunk_ghost_ooze,
          uniq_pikel, uniq_grum
D:10:     layout_rooms, mainiacjoe_overflow_catch_the_wave,
          hangedman_decor_riveting, amcnicky_mini_corridor_feature
D:11:     layout_loops_ring, minmay_statue_bubble
D:12:     layout_irregular_city, erik_orc_2, uniq_fannar
Temple:   dshaligram_water_room_temple
Orc:1:    layout_caves
Orc:2:    pubby_orc_utopia, serial_shops

Skill      XL: |  1  2  3  4  5  6  7  8  9 10 11 12 |
---------------+-------------------------------------+-----
Fighting       | 3 4 5 6 7 8 9 11 12 | 12.1
Unarmed Combat | 3 4 5 6 8 10 12 14 16 | 16.8
Shields        | 2 4 |  4.0
Dodging        | |  2.1
Stealth        | |  7.2

Action                     |  1- 3 |  4- 6 |  7- 9 | 10-12 || total
---------------------------+-------+-------+-------+-------++-------
  Melee: Unarmed           |   103 |   160 |   296 |   535 ||  1094
         Bite              |    11 |    14 |    29 |    66 ||   120
         Punch             |     1 |     8 |    21 |     9 ||    39
  Throw: Dart              |       |    21 |    22 |    43 ||    86
 Invoke: Call Merchant     |       |       |       |     1 ||     1
         Potion Petition   |       |       |       |     1 ||     1
  Evoke: Wand              |     1 |       |     5 |     6 ||    12
    Use: Scroll            |     1 |       |    21 |     9 ||    31
         Potion            |       |       |       |     3 ||     3
   Stab: Sleeping          |     5 |    10 |    12 |     6 ||    33
         Distracted        |       |     1 |       |     7 ||     8
 Armour: Leather armour    |     7 |       |       |       ||     7
         Ring mail         |    35 |    92 |   157 |   331 ||   615
         Skin              |       |       |       |     6 ||     6
  Dodge: Dodged            |    50 |    88 |   151 |   214 ||   503
  Block: Buckler           |       |       |       |    79 ||    79
   Form: Beast             |     1 |       |       |       ||     1

Table legend: (Time is in decaauts)
 A = Elapsed time spent in this place.
 B = Non-inter-level travel time spent in this place.
 C = Inter-level travel time spent in this place.
 D = Time resting spent in this place.
 E = Time spent auto-exploring this place.
 F = Levels seen in this place.
 G = Mean time per level.
                   A        B        C        D        E       F      G
               +--------+--------+--------+--------+--------+-----+--------+
         Total |  11316 |  10378 |    938 |   1234 |   6480 |  16 |  707.2 |
       Dungeon |  10264 |   9375 |    889 |    921 |   6064 |  12 |  855.3 |
        Temple |     32 |      2 |     30 |      0 |      0 |   1 |   32.0 |
  Orcish Mines |    638 |    620 |     18 |    212 |    231 |   2 |  319.0 |
       Ossuary |    381 |    381 |      0 |    100 |    185 |   1 |  381.0 |
               +--------+--------+--------+--------+--------+-----+--------+

Top non-repeatable levels by time:
    D:12: 1257 daAuts
     D:9: 1067 daAuts
     D:6: 1060 daAuts
     D:7: 933 daAuts
     D:5: 919 daAuts
    D:11: 906 daAuts
     D:4: 871 daAuts
     D:8: 770 daAuts
     D:3: 743 daAuts
     D:2: 720 daAuts
    D:10: 540 daAuts
     D:1: 474 daAuts
   Orc:2: 399 daAuts
 Ossuary: 381 daAuts
   Orc:1: 238 daAuts
